 Dungeon Crawl Stone Soup version 0.31.0-32-g396128a36d (webtiles) character file.

Game seed: 13065010234540878993

154 spaghetti the Caller (level 5, 0/42 HPs)
             Began as a Naga Summoner on Mar 9, 2024.
             Was an Initiate of Kikubaaqudgha.
             Slain by a cerulean imp
             ... wielding a +2 spear
             ... summoned by Natasha
              (5 damage)
             ... on level 3 of the Dungeon.
             The game lasted 00:04:43 (2691 turns).

spaghetti the Caller (Naga Summoner)                Turns: 2691, Time: 00:04:44

Health: 0/42       AC:  2    Str: 10    XL:     5   Next: 36%
Magic:  2/10       EV: 10    Int: 17    God:    Kikubaaqudgha [......]
Gold:   56         SH:  0    Dex: 12    Spells: 5/11 levels left

rFire   + . .        g - +2 dagger (pain)
rCold   . . .        (no shield)
rNeg    . . .        a - +0 robe
rPois   +            (no helmet)
rElec   .            (no cloak)
rCorr   .            (no gloves)
SInv    +            (no barding)
Will    .....        (no amulet)
Stlth   ++           h - ring of protection from fire
HPRegen 0.27/turn    (no ring)
MPRegen 0.12/turn

%: no passive effects
@: unable to call your familiar, slowed, very slow
A: AC +1, large, see invisible, deformed body, poison resistance, slowness 2,
spit poison 1, naga tail 1
a: Spit Poison, Renounce Religion


You were on level 3 of the Dungeon.
You worshipped Kikubaaqudgha.
Kikubaaqudgha was noncommittal.
You visited 1 branch of the dungeon, and saw 3 of its levels.

You collected 56 gold pieces.

Inventory:

Hand Weapons
 c - a +0 hand axe
 g - a +2 dagger of pain (weapon)
Armour
 a - a +0 robe (worn)
Magical Staves
 e - a staff of cold
 l - a staff of death
Jewellery
 h - a ring of protection from fire (left hand)
Potions
 b - 2 potions of magic
 d - a potion of curing
 k - a potion of might


   Skills:
 - Level 1.5 Dodging
 - Level 3.0 Stealth
 + Level 3.8 Spellcasting
 + Level 5.3 Summonings


You had 5 spell levels left.
You knew the following spells:

 Your Spells              Type           Power      Damage    Failure   Level
a - Summon Small Mammal   Summ           84%        N/A       1%          1
b - Call Imp              Summ           42%        N/A       2%          2
c - Call Canine Familiar  Summ           21%        N/A       5%          3

Your spell library contained the following spells:

 Spells                   Type           Power      Damage    Failure   Level
 Scorch                   Fire           6%         2d5       24%         2
 Dazzling Flash           Conj/Hex       6%         N/A       43%         3
 Volatile Blastmotes      Fire/Tloc      6%         2d10      43%         3
 Summon Blazeheart Golem  Fire/Summ      12%        N/A       47%         4
 Summon Lightning Spire   Summ/Air       12%        N/A       47%         4
 Flame Wave               Conj/Fire      3%         2d5       85%         4
 Summon Cactus Giant      Summ           10%        N/A       95%         6
 Starburst                Conj/Fire      1%         6d3       100%        6
 Maxwell's Capacitive Co  Air            1%         ∞         100%        8


Dungeon Overview and Level Annotations

Branches:
Dungeon (3/15)

Altars:
Kikubaaqudgha

Shops:
D:1 (

Annotations:
D:3 Natasha


Innate Abilities, Weirdness & Mutations

Your serpentine skin is tough. (AC +1)
You have supernaturally acute eyesight. (SInv)
Armour fits poorly on your strangely shaped body.
Your system is resistant to poisons. (rPois)
You cover ground very slowly.
You can spit poison.
You have a snake-like lower body.


Message History

The cerulean imp hits you from afar with a +1 spear.
Your cerulean imp misses the cerulean imp.
Your cerulean imp misses the cerulean imp.
The cerulean imp hits you from afar with a +1 spear.
The cerulean imp barely misses you.
Your cerulean imp hits the cerulean imp but does no damage.
The cerulean imp hits something with a +2 spear.
Natasha casts a spell at you.
You feel as though you will be slow longer.
The cerulean imp hits you from afar with a +3 spear.
Your cerulean imp hits Natasha but does no damage.
Something barely misses your cerulean imp.
The cerulean imp hits you from afar with a +3 spear.
Natasha claws something.
The cerulean imp hits you from afar with a +3 spear!
Natasha misses something.
The cerulean imp hits you from afar with a +1 spear.
The cerulean imp hits something with a +2 spear.
The cerulean imp hits you from afar with a +3 spear.
You aren't carrying any items that you can evoke.
Okay, then.
You aren't carrying any scrolls.
Unknown command.
You aren't carrying any items that you can evoke.
The cerulean imp attacks as it pursues you!
The cerulean imp hits you from afar with a +1 spear.
* * * LOW HITPOINT WARNING * * *
Something closely misses your cerulean imp.
The cerulean imp hits you but does no damage.
Casting: Call Imp (safe; 2% risk of failure)
Confirm with . or Enter, or press ? or * to list all spells.
A tiny devil pulls itself out of the air.
Your cerulean imp disappears in a puff of smoke!
The cerulean imp hits you from afar with a +2 spear.
* * * LOW HITPOINT WARNING * * *
The cerulean imp hits you from afar with a +1 spear.
* * * LOW HITPOINT WARNING * * *
The cerulean imp hits you from afar with a +2 spear.
You die...
Kikubaaqudgha rasps: "You have failed me!
Welcome... death!"

#..(....###.##.#.#....<....#
#.......##..##.#...#..)....#
#.......#...##...###.......##
#......).....#..## #.........
#######...##...## #........#
####)#.####.# #.......##
##......##...# #.......#
#...)<####5#.# #.......#
.....>..# #@#.## #.......#
........# ##.#..# #########
........###55##.### ..
........##..5§.5..###.#####
........#####h......!......
........# #.......##.....
######### #.....### ...
####### .


You could see Natasha (distracted), 3 cerulean imps and a friendly cerulean imp
(summoned).

Vanquished Creatures
  5 ball pythons
  4 bats
  A giant cockroach (D:1)
  4 goblins
  A hobgoblin (D:1)
  3 kobolds
  2 quokkas (D:1)
  3 frilled lizards
  A rat (D:1)
24 creatures vanquished.

Vanquished Creatures (collateral kills)
  Natasha (twice) (D:3)
  An adder (D:2)
  3 dart slugs
  A ribbon worm (D:3)
  An orc (D:3)
  5 ball pythons
  6 endoplasms
  3 giant cockroaches
  3 goblins
  6 hobgoblins
  7 jackals
  6 kobolds
  A quokka (D:3)
  2 bats
  2 frilled lizards
  4 rats
53 creatures vanquished.

Grand Total: 77 creatures vanquished

Notes
Turn   | Place    | Note
-------+----------+-------------------------------------------
     0 | D:1      | spaghetti the Naga Summoner began the quest for the Orb.
     0 | D:1      | Reached XP level 1. HP: 15/15 MP: 3/3
   142 | D:1      | Reached XP level 2. HP: 15/22 MP: 5/5
   147 | D:1      | HP: 1/22 [kobold/+0 dagger (3)]
   316 | D:1      | Learned a level 2 spell: Call Imp
   629 | D:1      | Reached XP level 3. HP: 28/28 MP: 1/6
   888 | D:1      | Found Daryek's Antique Weapon Shop.
   967 | D:1      | Learned a level 3 spell: Call Canine Familiar
  1212 | D:2      | Reached XP level 4. HP: 35/36 MP: 1/8
  1296 | D:2      | Found an ancient bone altar of Kikubaaqudgha.
  1333 | D:2      | Became a worshipper of Kikubaaqudgha
  2006 | D:3      | Reached skill level 5 in Summonings
  2379 | D:3      | Noticed Natasha
  2391 | D:3      | Killed Natasha
  2392 | D:3      | Reached XP level 5. HP: 42/42 MP: 7/10
  2597 | D:3      | Noticed Natasha
  2602 | D:3      | Killed Natasha
  2675 | D:3      | Noticed Natasha
  2691 | D:3      | Slain by a cerulean imp

Illustrated notes

Levels and vault maps discovered:
D:1:      erik_arrival_triangle_small, layout_loops_cross, serial_shops,
          nicolae_shop_crystal
D:2:      layout_rooms, basic_altar
D:3:      layout_rooms, uniq_natasha

Skill      XL: |  1  2  3  4 |
---------------+-------------+-----
Spellcasting   | 3 |  3.8
Summonings     | 5 |  5.3
Dodging        | |  1.5
Stealth        | |  3.0

Action                     |  1- 3 |  4- 6 || total
---------------------------+-------+-------++-------
  Melee: Unarmed           |    31 |       ||    31
         Hand axe          |     8 |       ||     8
         Staff             |    47 |     9 ||    56
         Dagger            |       |    16 ||    16
   Cast: Summon Small Mamm |    20 |    28 ||    48
         Call Imp          |     9 |    19 ||    28
         Call Canine Famil |     3 |    12 ||    15
Ability: Spit Poison       |     7 |       ||     7
    Use: Scroll            |     2 |     4 ||     6
         Potion            |     1 |     4 ||     5
   Stab: Sleeping          |     2 |     1 ||     3
         Distracted        |     1 |       ||     1
 Armour: Robe              |    97 |    48 ||   145
  Dodge: Dodged            |    62 |    32 ||    94
